 Dungeon Crawl Stone Soup version 0.31.0-1-g2c135a0 (webtiles) character file.

Game seed: 15135845897880785337

77 bonegar the Magician (level 4, -1/24 HPs)
             Began as a Deep Elf Hedge Wizard on Mar 25, 2024.
             Succumbed to a scorpion's poison
             ... on level 5 of the Dungeon.
             The game lasted 00:24:48 (2312 turns).

bonegar the Magician (Deep Elf Hedge Wizard)        Turns: 2312, Time: 00:24:48

Health: -1/24      AC:  2    Str:  6 (7)  XL:     4   Next: 14%
Magic:  2/12       EV: 13    Int: 18 (21) God:
Gold:   88         SH:  0    Dex: 19 (20) Spells: 2/12 levels left

rFire   . . .        i - +0 dagger (venom)
rCold   . . .        (no shield)
rNeg    . . .        e - +0 robe
rPois   .            c - +0 hat
rElec   .            (no cloak)
rCorr   .            (no gloves)
SInv    .            (no boots)
Will    .....        (no amulet)
Stlth   +++          j - +6 ring of dexterity
HPRegen 0.24/turn    (no ring)
MPRegen 0.13/turn

%: clarity
@: lethally poisoned (-1 -> -10)
A: clarity
a: no special abilities


You were on level 5 of the Dungeon.
You visited 1 branch of the dungeon, and saw 5 of its levels.

You collected 88 gold pieces.

Inventory:

Hand Weapons
 a - a +0 dagger
 i - a +0 dagger of venom (weapon)
Armour
 b - a +0 robe
 c - a +0 hat (worn)
 e - a +0 robe (worn)
 m - a +0 robe
Jewellery
 j - a +6 ring of dexterity (left hand)
Scrolls
 f - a scroll of poison {unknown}
 h - 3 scrolls of identify {unknown}
 k - 2 scrolls of teleportation {unknown}
Potions
 d - a potion of mutation
 g - a potion of degeneration
 l - a potion of curing


   Skills:
 + Level 3.1 Dodging
 + Level 3.1 Stealth
 + Level 4.9 Spellcasting
 + Level 2.0 Conjurations
 + Level 2.0 Summonings
 + Level 1.9 Translocations


You had 2 spell levels left.
You knew the following spells:

 Your Spells              Type           Power      Damage    Failure   Level
a - Magic Dart            Conj           44%        1d5       6%          1
b - Slow                  Hex            16%        N/A       14%         1
c - Call Imp              Summ           22%        N/A       9%          2
d - Blink                 Tloc           22%        N/A       9%          2
e - Martyr's Knell        Necr/Summ      8%         N/A       65%         4

Your spell library contained the following spells:

 Spells                   Type           Power      Damage    Failure   Level
 Necrotise                Necr           16%        1d4       14%         1
 Cigotuvi's Dreadful Rot  Necr/Alch/Air  8%         N/A       21%         2
 Mephitic Cloud           Conj/Alch/Air  6%         N/A       30%         3
 Vampiric Draining        Necr           4%         2d6       38%         3
 Curse of Agony           Necr           4%         N/A       98%         5


Dungeon Overview and Level Annotations

Branches:
Dungeon (6/15)
 Temple: D:4-7

Altars:


Innate Abilities, Weirdness & Mutations

You possess an exceptional clarity of mind.


Message History

A scorpion is nearby! 2 quokkas come into view.
Found 6 gold pieces.
The quokka moves out of view.
Your magical contamination has completely faded away.
Casting: Martyr's Knell (astonishingly dangerous; 56% risk of failure)
Confirm with . or Enter, or press ? or * to list all spells.
Aiming: Slow (safe; 11% risk of failure)
Press: ? - help, Shift-Dir - straight line, f - scorpion
Aim: a scorpion (ally target, chance to affect: 38%)
The scorpion resists with some effort.
The scorpion stings you but does no damage.
You hit the scorpion.
The scorpion is poisoned.
The scorpion is lightly wounded.
The scorpion stings you.
You are poisoned.
The scorpion poisons you!
Casting: Slow (safe; 11% risk of failure)
Confirm with . or Enter, or press ? or * to list all spells.
Okay, then.
It was a potion of mutation.
You feel extremely strange.
Your thoughts seem clearer.
You feel very sick. The scorpion barely misses you.
It was a potion of degeneration.
There was something very wrong with that liquid.
You feel weakened.
You feel dopey.
You feel clumsy.
You feel sick. The scorpion stings you.
It was a potion of curing.
You feel better. The scorpion stings you.
You are poisoned.
The scorpion poisons you! The scorpion stings you.
You feel very sick. The scorpion attacks as it pursues you!
The scorpion stings you.
* * * LOW HITPOINT WARNING * * *
You are more poisoned.
The scorpion poisons you!
* * * LOW HITPOINT WARNING * * *
You feel very sick.
* * * LOW HITPOINT WARNING * * *
You feel very sick.
You die...

...###...####
........†####.#
...####.......#
. #.....###
#.#...# #.##.##
#.# .# ##
##.##.# #. #.@.#
#r #...# ######.
#.s.#
.......######..#
#.....W...†#
##.######..# #.
##.#
.........#..#
...####### ###


You could see a scorpion (poisoned).

Vanquished Creatures
  3 adders
  2 dart slugs
  3 endoplasms (D:1)
  A giant cockroach (D:1)
  2 goblins (D:1)
  A hobgoblin (D:1)
  2 jackals (D:1)
  A kobold (D:1)
  4 quokkas (D:1)
  4 ball pythons
  2 bats
  4 frilled lizards
  4 rats
33 creatures vanquished.

Vanquished Creatures (collateral kills)
  An adder (D:2)
  A goblin (D:1)
  A jackal (D:1)
  2 kobolds
5 creatures vanquished.

Grand Total: 38 creatures vanquished

Notes
Turn   | Place    | Note
-------+----------+-------------------------------------------
     0 | D:1      | bonegar the Deep Elf Hedge Wizard began the quest for the
                  | Orb.
     0 | D:1      | Reached XP level 1. HP: 10/10 MP: 7/7
    32 | D:1      | Learned a level 1 spell: Slow
   224 | D:1      | Reached XP level 2. HP: 15/15 MP: 2/9
   227 | D:1      | Learned a level 2 spell: Call Imp
   230 | D:1      | Learned a level 2 spell: Blink
   930 | D:1      | Reached XP level 3. HP: 18/19 MP: 1/11
  1174 | D:1      | Found a faded altar of an unknown god.
  2120 | D:3      | You fall into a shaft and drop 3 floors!
  2132 | D:5      | Entered Level 5 of the Dungeon
  2184 | D:5      | Reached XP level 4. HP: 16/24 MP: 3/12
  2193 | D:5      | Learned a level 4 spell: Martyr's Knell
  2287 | D:5      | Noticed a scorpion
  2306 | D:5      | Gained mutation: You possess an exceptional clarity of
                  | mind. [potion of mutation]
  2311 | D:5      | HP: 1/24 [poisoned by a scorpion]
  2312 | D:5      | Succumbed to a scorpion's poison

Illustrated notes

Levels and vault maps discovered:
D:1:      sevenhm_arrival_forest_fort_small_4, layout_rooms,
          shapermc_ecumenical_altar_ellora
D:2:      layout_loops_cross, serial_bayou_lagoon_a
D:3:      layout_basic
D:5:      layout_loops_ring, trog_wizard, gup_sewer_entry_bubbles, serial_shops,
          nicolae_shop_rolling_square, nicolae_tricolors
D:6:      layout_basic, minmay_temple_entry_wispy, nicolae_custom_books,
          minivault_19, chequers_serial_rivers_micro_b, dk_noncrumbling_3,
          uniq_blork_the_orc, uniq_grinder

Skill      XL: |  1  2  3  4 |
---------------+-------------+-----
Dodging        | 3 |  3.1
Stealth        | 3 |  3.1
Summonings     | 2 |  2.0
Conjurations   | 2 |  2.0
Spellcasting   | |  4.9
Translocations | |  1.9

Action                     |  1- 3 |  4- 6 || total
---------------------------+-------+-------++-------
  Melee: Dagger            |    34 |     7 ||    41
         Punch             |     1 |       ||     1
   Cast: Magic Dart        |    75 |     5 ||    80
         Slow              |    12 |     1 ||    13
         Call Imp          |    10 |       ||    10
         Blink             |     1 |       ||     1
         Martyr's Knell    |       |     2 ||     2
    Use: Potion            |     1 |     3 ||     4
   Stab: Distracted        |     1 |       ||     1
 Armour: Robe              |    29 |    13 ||    42
  Dodge: Dodged            |    39 |    10 ||    49
